 Dungeon Crawl Stone Soup version 0.30-a0-760-g5a9884b (webtiles) character file.

Game seed: 1418003174459307790

356 lunatic the Poker (level 6, 0/72 HPs)
             Began as a Draconian Warper on Feb 10, 2023.
             Was an Initiate of Cheibriados.
             Succumbed to a killer bee's poison
             ... on level 5 of the Dungeon.
             The game lasted 00:08:53 (3987 turns).

lunatic the Poker (Draconian Warper)                Turns: 3987, Time: 00:08:53

Health: 0/72       AC:  7    Str: 15    XL:     6   Next: 36%
Magic:  10/10      EV: 12    Int: 16    God:    Cheibriados [......]
Gold:   214        SH:  0    Dex: 11    Spells: 2/10 levels left

rFire   . . .      SeeInvis .    a - +0 spear
rCold   . . .      Faith    .    (no shield)
rNeg    . . .      Spirit   .    (body armour unavailable)
rPois   .          Reflect  .    (helmet restricted)
rElec   .          Harm     .    f - +0 cloak
rCorr   .          Rampage  .    (no gloves)
Will    .....                    (no boots) Stlth
                                 (no amulet)
HPRegen 0.32/turn                (no ring)
MPRegen 0.12/turn                (no ring)

@: berserking (expiring), lethally poisoned (0 -> -8), very slow
A: AC +6, unfitting armour, cold-blooded
a: Renounce Religion


You were on level 5 of the Dungeon.
You worshipped Cheibriados.
Cheibriados was noncommittal.
You visited 1 branch of the dungeon, and saw 5 of its levels.

You collected 253 gold pieces.
You spent 39 gold pieces at shops.

Inventory:

Hand Weapons
 a - a +0 spear (weapon)
 b - a +1 whip of venom
Missiles
 c - 6 boomerangs of dispersal (quivered)
Armour
 f - a +0 cloak (worn)
Scrolls
 d - a scroll of poison {unknown}
 g - 2 scrolls of vulnerability
 h - a scroll of enchant armour {unknown}
 i - a scroll of teleportation
 j - a scroll of blinking
 o - a scroll of fear
 q - a scroll of enchant weapon {unknown}
 s - a scroll of immolation {unknown}
Potions
 e - 3 potions of mutation {unknown}
 k - 2 potions of berserk rage
 l - 3 potions of brilliance {unknown}
 m - a potion of attraction {unknown}
 n - a potion of flight {unknown}
 p - 2 potions of curing
 r - a potion of magic {unknown}


   Skills:
 - Level 2.1 Fighting
 * Level 5.2 Polearms
 - Level 0.8 Throwing
 - Level 2.1 Dodging
 + Level 2.9 Spellcasting
 - Level 4.0 Translocations
 + Level 2.1 Air Magic


You had 2 spell levels left.
You knew the following spells:

 Your Spells              Type           Power      Damage    Failure   Level
a - Blink                 Tloc           30%        N/A       5%          2
b - Vhi's Electric Charg  Tloc/Air       24%        N/A       16%         3
c - Teleport Other        Tloc           15%        N/A       11%         3

Your spell library contained the following spells:

 Spells                   Type           Power      Damage    Failure   Level
 Lesser Beckoning         Tloc           30%        N/A       5%          2
 Manifold Assault         Tloc           15%        N/A       36%         4
 Inner Flame              Hex/Fire       2%         N/A       50%         3
 Flame Wave               Conj/Fire      2%         2d4       88%         4
 Sticky Flame             Conj/Fire      2%         2d3       88%         4


Dungeon Overview and Level Annotations

Branches:
Dungeon (5/15)
 Temple: D:4-7

Altars:
Cheibriados
Qazlal

Shops:
D:4 ![

Annotations:
D:3 1 runed translucent door, steven32's ghost, weakling AtDe
D:4 2 transporters, Dega's ghost, amateur SpHu


Innate Abilities, Weirdness & Mutations

Your plain brown scales are hard. (AC +6)
You cannot fit into any form of body armour.
You are cold-blooded and may be slowed by cold attacks.


Message History

The killer bee poisons you!
You hit the killer bee.
The killer bee is severely wounded.
You feel very sick. The killer bee stings you! The killer bee misses you.
You puncture the killer bee!
You kill the killer bee!
Cheibriados thoroughly appreciates the change of pace.
You feel sick.
Your Air Magic skill increases to level 2!
You barely miss the killer bee.
You feel sick.
The killer bee stings you but does no damage.
The killer bee stings you.
You completely miss the killer bee.
You feel sick. The killer bee stings you. The killer bee stings you!
* * * LOW HITPOINT WARNING * * *
You are more poisoned.
The killer bee poisons you!
You closely miss the killer bee.
* * * LOW HITPOINT WARNING * * *
You feel sick. The killer bee stings you.
* * * LOW HITPOINT WARNING * * *
You closely miss the killer bee.
* * * LOW HITPOINT WARNING * * *
You feel sick. The killer bee stings you.
* * * LOW HITPOINT WARNING * * *
The killer bee closely misses you.
You hit the killer bee.
Your tail-slap misses the killer bee.
The killer bee is moderately wounded.
* * * LOW HITPOINT WARNING * * *
You feel sick. The killer bee barely misses you. x2
You are too berserk!
You miss the killer bee.
The killer bee is moderately wounded.
* * * LOW HITPOINT WARNING * * *
You feel sick.
The killer bee stings you but does no damage.
You barely miss the killer bee.
The killer bee is moderately wounded.
You die...

.# y####
### y...
... ...
#.# ..#
#.# ..#
####.##y.#
#...[@yy.#
#.##.##y.#
#. #.# ..#
#.##.# ..#
#.<..# ..#
#.##.# ...
#. #.#
..## #.
#.# ... #.
#.#


You could see 4 killer bees.

Vanquished Creatures
  Menkaure (D:4)
  A necrophage (D:4)
  A killer bee (D:5)
  A hound (D:4)
  4 adders (D:2)
  2 worms
  2 dart slugs (D:1)
  7 ball pythons
  6 bats
  3 endoplasms
  3 giant cockroaches
  5 goblins
  5 hobgoblins
  4 jackals (D:2)
  2 quokkas (D:3)
  A frilled lizard (D:1)
  5 kobolds
  4 rats (D:1)
57 creatures vanquished.

Notes
Turn   | Place    | Note
-------+----------+-------------------------------------------
     0 | D:1      | lunatic the Draconian Warper began the quest for the Orb.
     0 | D:1      | Reached XP level 1. HP: 17/17 MP: 3/3
   240 | D:1      | Reached XP level 2. HP: 24/24 MP: 5/5
   308 | D:1      | Learned a level 2 spell: Blink
  1085 | D:2      | Reached skill level 3 in Polearms
  1114 | D:2      | Reached XP level 3. HP: 24/29 MP: 6/6
  1823 | D:2      | Reached XP level 4. HP: 33/36 MP: 7/7
  1837 | D:2      | Learned a level 3 spell: Vhi's Electric Charge
  2004 | D:2      | Found a snail-covered altar of Cheibriados.
  2018 | D:2      | Became a worshipper of Cheibriados the Contemplative
  2455 | D:3      | Found a runed translucent door.
  2455 | D:3      | Noticed steven32's ghost (weakling AtDe)
  2843 | D:3      | Reached skill level 4 in Polearms
  2888 | D:4      | Noticed a water moccasin
  2902 | D:4      | Found a transporter.
  2986 | D:4      | Noticed Dega's ghost (amateur SpHu)
  2986 | D:4      | Noticed a necrophage
  3027 | D:4      | Killed a necrophage
  3028 | D:4      | Reached skill level 1 in Air Magic
  3028 | D:4      | Reached XP level 5. HP: 26/41 MP: 5/8
  3096 | D:4      | Learned a level 3 spell: Teleport Other
  3096 | D:4      | Found Mauqar's Armour Shoppe.
  3140 | D:4      | Found a transporter.
  3273 | D:4      | Found Sagij's Distillery.
  3281 | D:4      | Bought a potion of curing for 39 gold pieces
  3379 | D:4      | Found a stormy altar of Qazlal.
  3412 | D:4      | Noticed Menkaure
  3426 | D:4      | Killed Menkaure
  3427 | D:4      | Reached skill level 5 in Polearms
  3427 | D:4      | Reached XP level 6. HP: 8/48 MP: 8/10
  3953 | D:5      | Entered Level 5 of the Dungeon
  3985 | D:5      | HP: 2/72 [poisoned by a killer bee]
  3987 | D:5      | Succumbed to a killer bee's poison

Illustrated notes

Levels and vault maps discovered:
D:1:      sevenhm_arrival_forest_fort_large_4, layout_basic,
          serial_co_window_serial, co_window_paths_a, co_window_corner_a,
          co_window_corner_a, co_window_corner_a, co_window_corner_a,
          co_window_corner_b, co_window_broadway_c, co_window_2corner,
          co_window_paths_c, co_window_2corner, glass_columns_a,
          glass_columns_a, glass_columns_c, glass_columns_b
D:2:      minmay_evil_eye, layout_basic, basic_altar, minmay_quantized
D:3:      layout_loops_ring, gammafunk_ghost_grave, minmay_misc_feat_chi
D:4:      layout_basic, nicolae_qazlal_general_emergency, gammafunk_ghost_arena,
          serial_shops, shop, nicolae_shop_temple_entry_statues_fountains,
          uniq_menkaure
D:5:      layout_basic, mainiacjoe_overflow_big_doors, portal_sewer_entry_e,
          uniq_grinder

Skill      XL: |  1  2  3  4  5  6 |
---------------+-------------------+-----
Polearms       | 3 4 5 |  5.2
Translocations | 4 |  4.0
Air Magic      | 1 2 |  2.1
Fighting       | |  2.1
Throwing       | |  0.8
Dodging        | |  2.1
Spellcasting   | |  2.9

Action                     |  1- 3 |  4- 6 || total
---------------------------+-------+-------++-------
  Melee: Spear             |   100 |    62 ||   162
         Tailslap          |    15 |    11 ||    26
         Whip              |    38 |    48 ||    86
         Punch             |       |     1 ||     1
  Throw: Boomerang         |       |     1 ||     1
   Cast: Blink             |       |     2 ||     2
    Use: Scroll            |     1 |     3 ||     4
         Potion            |       |     2 ||     2
 Armour: Skin              |    47 |    24 ||    71
  Dodge: Dodged            |   101 |    69 ||   170

Table legend: (Time is in decaauts)
 A = Elapsed time spent in this place.
 B = Non-inter-level travel time spent in this place.
 C = Inter-level travel time spent in this place.
 D = Time resting spent in this place.
 E = Time spent auto-exploring this place.
 F = Levels seen in this place.
 G = Mean time per level.
                   A        B        C        D        E       F      G
               +--------+--------+--------+--------+--------+-----+--------+
         Total |   4485 |   4309 |    176 |     17 |   3723 |   5 |  897.0 |
       Dungeon |   4485 |   4309 |    176 |     17 |   3723 |   5 |  897.0 |
               +--------+--------+--------+--------+--------+-----+--------+

Top non-repeatable levels by time:
     D:4: 1323 daAuts
     D:2: 1274 daAuts
     D:1: 1019 daAuts
     D:3: 835 daAuts
     D:5: 32 daAuts
